[Event "Super United Croatia GCT Blitz 2022"]
[Site "Zagreb"]
[Date "2022.07.24"]
[Round "13"]
[White "Topalov, Veselin"]
[Black "Saric, Ivan"]
[Result "0-1"]
[ECO "A21"]
[WhiteElo "2728"]
[BlackElo "2680"]
[Annotator "TA"]
[PlyCount "100"]
[EventDate "2022.07.20"]
[EventType "tourn"]
[EventCountry "CRO"]
[SourceTitle "playchess.com"]
[Source "ChessBase"]
[SourceQuality "1"]
[TimeControl "300+2"]

1. c4 g6 2. g3 Bg7 3. Bg2 e5 4. Nc3 d6 5. d3 f5 6. e4 Nf6 7. exf5 {[%emt 0:00:04] A21: English Opening: 1...e5 2 Nc3.} gxf5 8. Nge2 O-O 9. O-O {[%emt 0:00:02] White is slightly better.} c6 10. d4 Na6 11. Bg5 h6 12. Bh4 Qe8 {[%emt 0:00:05] [#]} 13. d5 $146 ({Predecessor:} 13. Bxf6 Bxf6 14. Qd2 Bg7 15. Rad1 Qf7 16. d5 c5 17. f4 e4 18. a3 Bd7 19. Rb1 {½-½ (42) Lautner,J (1948)-Kanewski,J (2145) Schwarzenfeld 2005}) 13... c5 14. Nb5 Qe7 15. Re1 {[%emt 0:00:04][%cal Oe2f4] Threatens to win with Nf4!} Nc7 {[%emt 0:00:08] [#]} (15... Qd7 $14) 16. Nf4 $1 $16 Nxb5 17. cxb5 (17. Ng6 $16 Qf7 18. Nxf8) 17... Rf7 (17... Re8 $14) 18. a4 (18. Ne6 $16) 18... a6 $14 19. Ra3 ({Better is} 19. Ne6 $14) 19... axb5 $11 20. axb5 Rxa3 21. bxa3 Qd7 22. Ne6 Qxb5 23. Bh3 Nh7 24. Qh5 Qd3 25. Qg6 (25. Nd8 $1 $14 Rc7 26. Qe8+ Bf8 27. Ne6 Bxe6 28. dxe6 (28. Qxe6+ Rf7 $11)) 25... Qxd5 $15 (25... Nf8 26. Nxf8 Qxd5 27. Nh7 $11 (27. Bg2 e4 $15)) 26. Nxg7 {[%emt 0:00:02] And now Ne6+ would win.} ({Avoid the trap} 26. Bxf5 $2 Nf8 27. Qxg7+ Rxg7 $19) 26... Nf8 27. Qxh6 Rxg7 28. Qf6 ({But not} 28. Bf6 $2 Rg6 29. Qh8+ Kf7 30. Bxe5 dxe5 $19) (28. Bg2 $15 Qe6 29. Qd2 (29. Bf6 $2 Rg6 $19)) 28... Qe6 29. Qd8 Qd7 (29... Bd7 $1 $17 30. Bg2 Bc6 31. Bxc6 bxc6) 30. Qb6 (30. Rd1 $11) 30... Ng6 (30... Qc7 $17 31. Bd8 Qxb6 32. Bxb6 Be6) 31. Bg5 Ne7 32. Qb3+ Qe6 33. Qe3 Qg6 (33... Nc6 $17 {White must now prevent ...Nd4.} 34. Bg2 Nd4) 34. Bxe7 Rxe7 35. Bg2 Be6 $36 {[%emt 0:00:16][%mdl 2048] Keeping White busy.} 36. Rd1 {[%emt 0:00:05] [#]} Rd7 37. a4 Qf6 38. Qc3 Kg7 39. Rb1 $2 {[%emt 0:00:16] This move loses the game for White.} (39. Bd5 $17 {is a better defense.}) 39... e4 $19 40. Qc1 c4 41. Rb6 d5 42. Bf1 c3 43. a5 Rc7 (43... d4 $142 {Strongly threatening ...d3.} 44. Bb5 Rc7) 44. Qf4 {[%emt 0:00:01] [#]} Re7 {[%emt 0:00:03] Active counter play!} 45. Qd6 $2 (45. Kg2) 45... d4 {[%emt 0:00:04] Hoping for ...c2.} 46. Qc5 d3 {[%emt 0:00:02] aiming for ...c2.} 47. h4 c2 48. Rd6 Rd7 49. Rxd7+ Bxd7 50. Qc7 Qc6 {[%emt 0:00:04] Weighted Error Value: White=0.78/Black=0.18 (very precise)} 0-1

[Event "Super United Croatia GCT Blitz 2022"]
[Site "Zagreb"]
[Date "2022.07.24"]
[Round "13"]
[White "Van Foreest, Jorden"]
[Black "So, Wesley"]
[Result "1-0"]
[ECO "D27"]
[WhiteElo "2678"]
[BlackElo "2773"]
[Annotator "TA"]
[PlyCount "91"]
[EventDate "2022.07.20"]
[EventType "tourn"]
[EventCountry "CRO"]
[SourceTitle "playchess.com"]
[Source "ChessBase"]
[SourceQuality "1"]
[TimeControl "300+2"]

1. d4 {[%emt 0:00:02] Fernandez,D} d5 2. c4 dxc4 3. Nf3 Nf6 4. e3 e6 5. Bxc4 a6 6. O-O c5 7. Re1 Nc6 8. Nc3 Be7 9. dxc5 Qxd1 10. Rxd1 Bxc5 11. Be2 {[%emt 0:00:10] 11.Bd2 is becoming the main line. D27: Queen's Gambit Accepted: Classical main line: 7 e4!? and 7 a4.} O-O 12. Bd2 Bd7 13. Rac1 Ba7 14. Na4 Rfd8 15. Be1 Be8 16. Rxd8 Nxd8 17. b3 {[%emt 0:00:16] [#]} Ne4 $146 ({Predecessor:} 17... Nd5 18. Kf1 Nc6 19. Nc5 Rb8 20. a3 Nce7 21. Ne5 Rc8 22. Ned3 Rc7 23. b4 Bxc5 24. Rxc5 Bb5 25. Rxc7 {½-½ (24) Vidit,S (2718)-Van Foreest,J (2629) Wijk aan Zee 2018 CBM 183 [Fernandez,D]}) 18. Bd3 Bxa4 19. Bxe4 Bc6 20. Nd2 f5 21. Bf3 Rc8 22. Be2 Nf7 23. Nf3 Kf8 24. Nd4 Bxd4 25. exd4 Ke7 26. f3 Kd7 27. Kf2 Bb5 28. Rxc8 Kxc8 $11 {[%emt 0:00:00][%mdl 4096] Endgame KBB-KBN} 29. Bd1 {[%emt 0:00:04] The position is equal.} Kd7 30. Bc2 Bc6 31. h4 g6 32. Ke3 h6 33. Bb4 g5 34. h5 Nd6 35. g3 b6 36. a4 a5 37. Bc3 Bd5 38. b4 axb4 39. Bxb4 Bc4 40. Bd1 Bd5 41. Bc2 Bc4 42. Bd1 Kc6 43. Bc2 Kd5 44. Bd1 Kc6 45. Bc2 Kd7 46. Bd1 {[%emt 0:00:01][%mdl 32768] Not much happened in this game.  Weighted Error Value: White=0.04 (flawless) /Black=0.03 (flawless) . Loss on time!?} 1-0

[Event "Super United Croatia GCT Blitz 2022"]
[Site "Zagreb"]
[Date "2022.07.24"]
[Round "14"]
[White "So, Wesley"]
[Black "Topalov, Veselin"]
[Result "1-0"]
[ECO "B51"]
[WhiteElo "2773"]
[BlackElo "2728"]
[Annotator "TA"]
[PlyCount "71"]
[EventDate "2022.07.20"]
[EventType "tourn"]
[EventCountry "CRO"]
[SourceTitle "playchess.com"]
[Source "ChessBase"]
[SourceQuality "1"]
[TimeControl "300+2"]

1. e4 c5 2. Nf3 d6 3. Bb5+ Nd7 (3... Bd7 4. Bxd7+ Qxd7 5. c4 Nc6 6. d4 cxd4 7. Nxd4 g6 8. Nc3 Bg7 9. Be3 Nh6 10. h3 f5 11. Bxh6 Bxd4 12. O-O Bxc3 13. bxc3 fxe4 14. Qe2 O-O-O 15. Rab1 Ne5 16. Bg7 Qc6 17. Bxh8 Rxh8 {1-0 (27) So,W (2776)-Topalov,V (2730) Stavanger 2022}) 4. a4 Ngf6 5. Nc3 a6 6. Be2 {[%emt 0:00:02] B51: Sicilian: Moscow Variation (3 Bb5+) without 3...Bd7.} e6 7. a5 Be7 8. O-O {[%emt 0:00:02] The position is equal.} O-O 9. Re1 Qc7 {[%emt 0:00:08] [#]} 10. d4 $146 ({Predecessor:} 10. Bf1 Ne5 11. Nxe5 dxe5 12. d3 Bd7 13. Bd2 Rad8 14. Na4 Bc6 15. b3 Nd7 16. Qe2 {1-0 (52) So,W (2775)-Makarian,R (2534) Chess.com INT 2022}) 10... cxd4 11. Nxd4 Rb8 12. Nb3 Rd8 13. Bd3 (13. Qd3 $5 ) 13... Ne5 14. Be3 Nfd7 {[%emt 0:00:02] Against Bb6} 15. Na4 Re8 (15... Nc5 $5 ) 16. Qe2 Bf6 17. Ba7 Ra8 18. Bd4 Nc6 19. Bxf6 Nxf6 20. Qd2 Bd7 21. Nb6 Rad8 22. Rad1 Ne5 23. f4 Nxd3 24. cxd3 Bc6 25. Nd4 Nd7 26. Nxd7 Bxd7 27. Rc1 {[%emt 0:00:12] Prevents Qc5.} Qb8 28. Qb4 e5 {[%emt 0:00:01] [#] White must now prevent ...Qa7.} 29. Ne2 Bg4 30. Nc3 {[%emt 0:00:09] Hoping for f5.} exf4 31. Nd5 f3 32. gxf3 Bxf3 {[%emt 0:00:08] [#]} (32... Be6 $11) 33. Rc7 $1 $16 {[%emt 0:00:02] Active counter play!} Bg4 34. Rec1 (34. Rxb7 $16 Qc8 35. Ne7+ Rxe7 36. Rxe7) 34... Rd7 $11 35. Qc3 ({White should try} 35. e5 $11 Rxc7 36. Rxc7) 35... Qd8 $2 (35... Be6 $15) 36. Rc8 {[%emt 0:00:06][%mdl 64] Skewer.  Weighted Error Value: White=0.15 (very precise) /Black=0.14 (very precise)} 1-0

[Event "Super United Croatia GCT Blitz 2022"]
[Site "Zagreb"]
[Date "2022.07.24"]
[Round "14"]
[White "Nepomniachtchi, Ian"]
[Black "Firouzja, Alireza"]
[Result "0-1"]
[ECO "C54"]
[WhiteElo "2766"]
[BlackElo "2793"]
[Annotator "TA"]
[PlyCount "58"]
[EventDate "2022.07.20"]
[EventType "tourn"]
[EventCountry "CRO"]
[SourceTitle "playchess.com"]
[Source "ChessBase"]
[SourceQuality "1"]
[TimeControl "300+2"]

1. e4 e5 2. Nf3 Nc6 3. Bc4 Nf6 4. d3 Bc5 5. O-O d6 6. c3 O-O 7. Re1 a5 {[%emt 0:00:01] C54: Giuoco Piano: 4 c3 Nf6, main lines with 5 d4 and 5 d3.} 8. h3 Ba7 9. Na3 {[%emt 0:00:02] [#]} Ne7 $5 $146 {[%emt 0:00:01][%cal Bc6e7,Be7g6,Bg6e5][%mdl 8] The position is equal. An interesting novelty.} ({Predecessor:} 9... Be6 10. Bg5 h6 11. Bh4 g5 12. Bg3 Nh5 13. Kh2 Qf6 14. Nb5 Bb6 15. b3 Rad8 {1-0 (34) Eljanov,P (2691)-Hovhannisyan,R (2622) Riga 2021}) 10. Nb5 Bb6 11. d4 exd4 (11... c6 12. dxe5 cxb5 13. exf6 bxc4 14. fxe7 Qxe7 15. Bf4 $14) 12. Nbxd4 Ng6 13. Bb3 h6 14. Qc2 Ne5 15. Bf4 Re8 16. Rad1 {[%emt 0:00:02] Black must now prevent Bxe5.} Bd7 (16... a4 $11 17. Bxe5 (17. Bxa4 Nxf3+ 18. gxf3 Nh5 $11) 17... axb3 18. Nxb3 Bd7) 17. a4 Qc8 18. Bh2 (18. Nd2 $5 ) 18... c5 19. Nxe5 dxe5 20. Nf5 Bxf5 21. exf5 {[%emt 0:00:01][%cal Ob3f7] Strongly threatening Bxf7+!} c4 22. Ba2 e4 23. Rd6 $2 {[%emt 0:00:27] [#]} (23. Kh1 $11) 23... Bc5 ({Of course not} 23... Bc7 $6 24. Rdd1 $11) ({Black should try} 23... e3 $1 $17 24. f3 (24. Rxb6 Qc5 $17) 24... Bc5) 24. Rxf6 gxf6 $40 {[%emt 0:00:02][%mdl 128] Black wants a kill.} 25. Rxe4 $2 {[%emt 0:00:06][%mdl 8192] This move loses the game for White.} (25. Bf4 $17) 25... Qxf5 $19 26. Be5 Rxe5 27. Rg4+ Kf8 28. Qc1 Qxf2+ 29. Kh2 Rg5 {[%emt 0:00:03] Weighted Error Value: White=0.94/Black=0.12 (very precise)} 0-1

[Event "Super United Croatia GCT Blitz 2022"]
[Site "Zagreb"]
[Date "2022.07.24"]
[Round "14"]
[White "Vachier-Lagrave, Maxime"]
[Black "Carlsen, Magnus"]
[Result "1/2-1/2"]
[ECO "C67"]
[WhiteElo "2760"]
[BlackElo "2864"]
[Annotator "TA"]
[PlyCount "79"]
[EventDate "2022.07.20"]
[EventType "tourn"]
[EventCountry "CRO"]
[SourceTitle "playchess.com"]
[Source "ChessBase"]
[SourceQuality "1"]
[TimeControl "300+2"]

1. e4 e5 2. Nf3 Nc6 3. Bb5 Nf6 4. O-O Nxe4 5. Re1 Nd6 6. Nxe5 Be7 7. Bf1 Nxe5 8. Rxe5 O-O 9. Nc3 {[%emt 0:00:03] C67: Ruy Lopez: Berlin Defence: 4 0-0 Nxe4.} Ne8 10. d4 Bf6 11. Re1 d5 $1 12. b3 c6 13. Ba3 Nd6 14. Qf3 Be6 15. Qf4 Be7 16. Bd3 Ne8 17. Bxe7 Qxe7 {[%emt 0:00:02] [#]} 18. h4 $146 ({Predecessor:} 18. Re5 g6 19. Rae1 Ng7 20. Ne2 Rae8 21. Ng3 Qd6 22. Qf6 Qd8 23. Qxd8 Rxd8 24. h4 {½-½ (50) Vachier Lagrave,M (2751)-So,W (2772) Saint Louis 2021}) 18... Qf6 19. Ne2 Rd8 20. f3 g6 21. Qxf6 Nxf6 22. Nf4 Bd7 23. g4 Ne8 24. Kf2 Nc7 25. c3 Rfe8 26. Rh1 Ne6 27. Kg3 Kg7 28. h5 Nxf4 29. Kxf4 h6 {[%emt 0:00:03] The position is equal.} 30. hxg6 fxg6 31. Rae1 g5+ 32. Kg3 Rxe1 33. Rxe1 {[%emt 0:00:01] [#] Strongly threatening Re7+.} Re8 {[%emt 0:00:01] Prevents Re7+.} 34. Rxe8 Bxe8 $11 {[%emt 0:00:01][%mdl 4096] Endgame KB-KB} 35. b4 Kf6 36. f4 Bd7 37. a3 Be6 38. Bc2 Bd7 39. Bd3 Be6 40. Bc2 {[%emt 0:00:00] Weighted Error Value: White=0.03 (flawless) /Black=0.03 (flawless)} 1/2-1/2

[Event "Super United Croatia GCT Blitz 2022"]
[Site "Zagreb"]
[Date "2022.07.24"]
[Round "14"]
[White "Dominguez Perez, Leinier"]
[Black "Van Foreest, Jorden"]
[Result "0-1"]
[ECO "B12"]
[WhiteElo "2754"]
[BlackElo "2678"]
[Annotator "TA"]
[PlyCount "88"]
[EventDate "2022.07.20"]
[EventType "tourn"]
[EventCountry "CRO"]
[SourceTitle "playchess.com"]
[Source "ChessBase"]
[SourceQuality "1"]
[TimeControl "300+2"]

1. e4 c6 2. d4 d5 3. e5 Bf5 4. Nd2 e6 5. Nb3 Nd7 6. Nf3 Qc7 {[%emt 0:00:02] B12: Caro-Kann: Advance Variation.} 7. Be2 c5 8. c3 {[%emt 0:00:02] is currently scoring better than 8.dxc5.} c4 {[%emt 0:00:04] The position is equal.} 9. Nbd2 h6 10. Nf1 Ne7 11. Ne3 Bh7 {[%emt 0:00:04] [#]} 12. g3 $146 ({Predecessor:} 12. O-O Nf5 13. Ne1 f6 14. Bh5+ g6 15. Nxf5 exf5 16. Be2 fxe5 17. dxe5 Nxe5 18. Qxd5 {½-½ (48) Fedoseev,V (2708)-Dreev,A (2637) Struga 2021}) 12... b5 13. O-O Nc6 14. Nh4 Be7 15. Nhg2 a5 16. f4 f5 17. g4 {[%emt 0:00:24] gxf5 is the strong threat.} g6 18. Bd2 a4 19. b3 axb3 20. axb3 Rxa1 21. Qxa1 O-O 22. bxc4 bxc4 23. Kh1 (23. h4 $16) 23... Kh8 (23... Bd8 $14) 24. Be1 ({Better is} 24. h4 $1 $16) 24... Na5 (24... Nb6 $14) 25. gxf5 $16 gxf5 26. Bh4 (26. Bh5 $16) 26... Bxh4 $11 27. Nxh4 Nb3 28. Qe1 Rg8 29. Bh5 {[%emt 0:00:21] aiming for Bf7.} Nf8 30. Rg1 Qe7 31. Rg3 Rg7 32. Rxg7 Qxg7 {[%emt 0:00:02] [#]} (32... Kxg7 $11 {keeps the balance.} 33. Kg1 Kh8) 33. Qg1 ({Only move:} 33. Nxd5 $1 $16 {[%mdl 512] And now Nf6 would win.} exd5 34. e6 Nxe6 35. Qxe6) 33... Qa7 34. Bg6 (34. Qb1 $11) 34... Nd2 $15 {[%emt 0:00:02][%cal Bb3d2,Bd2e4,Be4g3][%mdl 32] White must now prevent ...Ne4.} 35. Bxh7 $2 {[%emt 0:00:05] White does not recover from this.} (35. Bh5 $15) 35... Kxh7 $19 36. Qc1 Ne4 37. Qb2 Qe7 38. Nf3 (38. Nhg2 $142) 38... Ng6 39. Ng2 Qa7 40. h4 (40. Nfh4 {was necessary.}) 40... Qe7 41. h5 $2 (41. Qc1 {is a better defense.}) 41... Ng3+ 42. Kh2 Nxh5 43. Qd2 Qg7 {[%emt 0:00:07][%cal Og6f4] Hoping for ...Ngxf4!} 44. Qc1 {[%emt 0:00:02] [#]} (44. Kh1) 44... Ngxf4 $1 {[%emt 0:00:04][%mdl 512] Weighted Error Value: White=0.50/Black=0.16 (very precise)} 0-1

[Event "Super United Croatia GCT Blitz 2022"]
[Site "Zagreb"]
[Date "2022.07.24"]
[Round "14"]
[White "Saric, Ivan"]
[Black "Mamedyarov, Shakhriyar"]
[Result "0-1"]
[ECO "C77"]
[WhiteElo "2680"]
[BlackElo "2759"]
[Annotator "TA"]
[PlyCount "88"]
[EventDate "2022.07.20"]
[EventType "tourn"]
[EventCountry "CRO"]
[SourceTitle "playchess.com"]
[Source "ChessBase"]
[SourceQuality "1"]
[TimeControl "300+2"]

1. e4 e5 2. Nf3 Nc6 3. Bb5 a6 4. Ba4 Nf6 5. d3 b5 6. Bb3 Bc5 7. Bg5 h6 {[%emt 0:00:04] 7...h6 scores better than 7...d6. C77: Ruy Lopez: 3...a6 4 Ba4 Nf6, unusual lines.} 8. Bh4 Be7 9. Nc3 d6 {[%emt 0:00:02] The position is equal.} 10. Bxf6 Bxf6 11. a4 Rb8 12. axb5 axb5 13. Nd5 O-O 14. O-O g6 {[%emt 0:00:29] [#]} 15. c3 $146 ({Predecessor:} 15. Nxf6+ Qxf6 16. h3 Be6 17. Bxe6 Qxe6 18. Qd2 Kh7 19. Ra6 Qd7 20. Qc3 Nd8 21. d4 exd4 22. Nxd4 {1-0 (39) Predke,A (2606)-Dragnev,V (2509) Riga 2018}) 15... Bg7 16. h3 Kh8 17. d4 f5 ({Black should try} 17... b4 $11) 18. exf5 $14 gxf5 19. dxe5 dxe5 20. Re1 (20. g3 $14) 20... e4 $1 $17 21. Nh2 (21. Nf4 $1 $15 Kh7 22. Bd5) 21... Ne5 (21... b4 $17 22. Qc2 (22. Ba4 Ne5 $17) 22... bxc3 23. bxc3 Ne5) 22. Nf4 $15 Qg5 23. Qc1 b4 ({Better is} 23... h5 $17 24. Qe3 b4 25. cxb4 Rxb4) 24. Rb1 ({White should play} 24. cxb4 $15 Rxb4 25. Bd5) 24... c5 $17 {[%emt 0:00:05] Black is more active.} 25. Bd5 (25. g3 $17) 25... c4 $19 26. h4 (26. g3 $142) 26... Qxh4 {[%emt 0:00:14] Threatens to win with ...bxc3.} 27. Qe3 {[%emt 0:00:15][%cal Oh2f3] [#]} Qg5 $1 28. cxb4 $2 (28. g3) 28... Nd3 29. g3 Be5 ({Wrong is} 29... Nxe1 $2 30. Qxe1 Bd4 31. Kh1 $19) 30. Nxd3 Qxe3 ({Not} 30... cxd3 31. f4 Qg7 32. fxe5 $11) 31. Nxe5 (31. fxe3 cxd3 32. Nf1) 31... Qg5 32. Nf7+ {[%emt 0:00:02] [#]} Rxf7 $1 33. Bxf7 Rxb4 34. Rbd1 Qf6 35. Bd5 Qxb2 $2 (35... Rxb2 {...f4 is the strong threat.} 36. Bxc4 f4 37. gxf4 Qxf4) 36. Bxe4 {[%emt 0:00:03] And now Rd8+ would win.} fxe4 37. Rd8+ Kg7 38. Rxc8 {[%emt 0:00:00] [#]} Qd2 $2 (38... c3 $1 $19 {Hoping for ...Rd4.} 39. Ng4 Rb7) 39. Ra1 $2 (39. Rc7+ $11 Kg6 40. Rc6+ Kh7 41. Rc7+ Kh8 42. Rc8+ Kh7 43. Rc7+ Kg6 44. Rc6+ Kh7 45. Rc7+) 39... Qd7 40. Rca8 c3 41. Nf1 c2 42. Rc1 Rb1 {[%emt 0:00:03] Black mates.} 43. Ra1 Rxc1 44. Rxc1 Qd1 $1 {[%emt 0:00:01] Weighted Error Value: White=0.77/Black=0.34} 0-1

[Event "Super United Croatia GCT Blitz 2022"]
[Site "Zagreb"]
[Date "2022.07.24"]
[Round "15"]
[White "Carlsen, Magnus"]
[Black "Nepomniachtchi, Ian"]
[Result "1-0"]
[ECO "B23"]
[WhiteElo "2864"]
[BlackElo "2766"]
[Annotator "TA"]
[PlyCount "99"]
[EventDate "2022.07.20"]
[EventType "tourn"]
[EventCountry "CRO"]
[SourceTitle "playchess.com"]
[Source "ChessBase"]
[SourceQuality "1"]
[TimeControl "300+2"]

1. e4 c5 2. Nc3 d6 3. d4 cxd4 4. Qxd4 Nc6 5. Qd2 g6 6. b3 {[%emt 0:00:02] B23: Closed Sicilian: Lines without g3.} f5 (6... Bh6 $5 7. f4 f5 $11) 7. Bb2 Bg7 8. O-O-O {[%emt 0:00:22] [#] White is slightly better.} Qa5 $146 ({Predecessor:} 8... Nf6 9. exf5 Bxf5 10. Bd3 Qa5 11. Nf3 O-O-O 12. Kb1 Kb8 13. Rhe1 Rc8 14. Bxf5 gxf5 {½-½ (47) Pniaczek,M (2329)-Trybus,D (2039) Krakow 2022}) 9. Nd5 Qxd2+ 10. Rxd2 Bxb2+ 11. Kxb2 {[%emt 0:00:01] Threatens to win with Nc7+.} Kf7 12. exf5 {[%emt 0:00:17] White is more active.} Bxf5 13. Bc4 {[%emt 0:00:08] And now Nc7+ would win.} Ne5 14. Be2 Nf6 15. Nxf6 Kxf6 16. f4 Nd7 17. Bf3 Nc5 18. Ne2 Be4 19. Bxe4 Nxe4 20. Rd4 Nc5 21. Nc3 Kf7 22. Re1 Rhe8 23. Nd5 {[%emt 0:00:02] Hoping for Nc7.} Rac8 {[%emt 0:00:00] Against Nc7} 24. c4 h6 25. Re3 a6 26. Rh3 Kg7 27. Re3 Kf7 28. g4 Nd7 29. f5 Ne5 30. a4 gxf5 31. gxf5 Rg8 32. Rh4 b5 33. cxb5 axb5 34. axb5 Rc5 35. Nc3 Rg2+ 36. Ka3 Rc8 (36... Ng4 $16 37. Rf3 Nxh2) 37. Rxh6 $18 Ra8+ {[%emt 0:00:09] [#]} 38. Na4 $1 Rg4 39. Rc3 {[%emt 0:00:10] Rc7 is the strong threat.} Ra5 40. b6 {[%emt 0:00:02] Strongly threatening Rc7.} Rb5 $2 (40... Nd7) 41. Rc7 Rgb4 42. Rh3 (42. f6 $18 {is more deadly.} Rxb3+ 43. Ka2) 42... Kf6 $16 43. Rhc3 Rh4 44. h3 Rf4 {[%emt 0:00:03] [#]} (44... Rd4 $14) 45. Re3 $1 {[%emt 0:00:05] Black must now prevent Nc3.} Rf1 $2 {[%emt 0:00:04][%mdl 8192] This costs Black the game.} (45... Kg5 $16 46. Ka2 (46. Rxe7 Rf1 $16) 46... Rf2+ 47. Kb1 Rf4) 46. Nc3 $18 Ra5+ 47. Kb4 Ra6 48. Nd5+ {[%emt 0:00:03] White mates.} Kxf5 49. b7 Rc6 50. b8=Q {[%emt 0:00:03] Weighted Error Value: White=0.20 (precise) /Black=0.46} 1-0

[Event "Super United Croatia GCT Blitz 2022"]
[Site "Zagreb"]
[Date "2022.07.24"]
[Round "15"]
[White "Firouzja, Alireza"]
[Black "Mamedyarov, Shakhriyar"]
[Result "1-0"]
[ECO "C42"]
[WhiteElo "2793"]
[BlackElo "2759"]
[Annotator "TA"]
[PlyCount "85"]
[EventDate "2022.07.20"]
[EventType "tourn"]
[EventCountry "CRO"]
[SourceTitle "playchess.com"]
[Source "ChessBase"]
[SourceQuality "1"]
[TimeControl "300+2"]

1. e4 e5 2. Nf3 Nf6 3. Nxe5 d6 4. Nf3 Nxe4 5. d4 d5 6. Bd3 Be7 7. O-O Bf5 8. Re1 Nc6 9. Nbd2 $1 {[%emt 0:00:28][%mdl 4] is more profitable than 9.c4 at the moment.} Nxd2 {[%emt 0:00:03] C42: Petroff Defence: 3 Nxe5 and unusual White 3rd moves.} 10. Qxd2 (10. Bxf5 Nxf3+ 11. gxf3 (11. Qxf3 Nxd4 12. Qh5 Nxf5 $15) 11... O-O $11) 10... Bg6 11. Bb5 O-O {[%emt 0:00:47] White is slightly better.} 12. Bxc6 bxc6 {[%emt 0:00:01] [#]} 13. Qc3 $146 {[%emt 0:00:02] Against c5} ({Predecessor:} 13. Ne5 Qd6 14. Qa5 Rfb8 15. Qc3 Rb6 16. Bf4 Bf8 17. Qg3 Qb4 18. Nd7 Rb7 19. h4 {1-0 (35) Boehnke,H (2197)-Vuillemin,G (2064) ICCF email 2019}) 13... Bd6 14. Qxc6 Be4 15. Ng5 Qf6 (15... Bg6 $11) 16. Qc3 (16. g3 $16) 16... Bg6 17. Bd2 Rab8 18. a3 {[%emt 0:00:04] Against Bb4} h6 (18... Rb6 $11) 19. Nf3 $14 Be4 20. Ne5 Bxe5 ({Much less strong is} 20... c5 21. Nd7 Qxd4 22. b4 $16 (22. Nxf8 Bxf8 23. b4 Qxc3 $16) (22. Nxb8 Rxb8 23. b4 Qxc3 $16)) 21. dxe5 Qg6 {[%emt 0:00:00][%csl Ge4,LRc2,LRg2][%cal Rg6g2] [#]} 22. f3 Bxc2 23. b4 Rfc8 24. Be3 a6 25. Rac1 Ba4 26. Bd4 c6 27. f4 Re8 28. Re3 {[%emt 0:00:18][%cal Oe5e6] Threatens to win with e6!} Qf5 29. Rf1 Bb5 30. Rf2 Bc4 31. h3 a5 32. Kh2 axb4 33. axb4 Rb7 34. Rg3 ({White should play} 34. Qe1 $16) 34... Re6 ({Black should try} 34... Kh7 $14) 35. Qa3 ({Better is} 35. Qa1 $16 {aiming for Qa8+.} Re8 36. Bc5) 35... Kh7 (35... Re8 $14) 36. Re3 (36. Qa8 $16 Rbe7 37. Qf8) 36... h5 $1 37. Rg3 Rg6 {[%emt 0:00:02] Inhibits Rg5.} 38. Rxg6 fxg6 39. Bc5 h4 (39... Qe4 $14) 40. Qf3 Rf7 {[%emt 0:00:03] [#]} (40... Kg8 $14) 41. Qg4 $1 $18 g5 $2 (41... Kg8 {is a better chance.} 42. e6 (42. Qxh4 g5 $16) 42... Rb7) 42. e6 Rf6 43. Qxf5+ {[%emt 0:00:03] Weighted Error Value: White=0.15 (very precise) /Black=0.45} 1-0

[Event "Super United Croatia GCT Blitz 2022"]
[Site "Zagreb"]
[Date "2022.07.24"]
[Round "15"]
[White "So, Wesley"]
[Black "Saric, Ivan"]
[Result "1-0"]
[ECO "A36"]
[WhiteElo "2773"]
[BlackElo "2680"]
[Annotator "TA"]
[PlyCount "73"]
[EventDate "2022.07.20"]
[EventType "tourn"]
[EventCountry "CRO"]
[SourceTitle "playchess.com"]
[Source "ChessBase"]
[SourceQuality "1"]
[TimeControl "300+2"]

1. c4 g6 2. g3 Bg7 3. Bg2 c5 4. Nc3 Nc6 5. e3 Bxc3 6. dxc3 {[%emt 0:00:07] A36: Symmetrical English vs ...g6: 4 Bg2 Bg7.} d6 7. e4 Qd7 {[%emt 0:00:08] [#]} 8. a4 $146 {[%emt 0:00:35] White is slightly better.} ({Predecessor:} 8. h3 b6 9. f4 Bb7 10. Be3 O-O-O 11. Nf3 f5 12. exf5 gxf5 13. Qc2 Nf6 14. O-O-O {1-0 (48) Carlstedt,J (2442)-Pavlovic,M (2481) Berlin 2015}) 8... b6 9. Nf3 Bb7 10. O-O e5 11. Ne1 a5 (11... Na5 $14) 12. Nc2 $16 Nge7 13. Bh6 Rg8 14. Bg5 {[%emt 0:00:19] A strong pair of Bishops.} O-O-O 15. b4 Qe6 16. bxc5 (16. b5 $6 Na7 $16) 16... dxc5 {[%emt 0:00:13] [#]} 17. Qe2 (17. Qf3 h6 18. Bxe7 Nxe7 $14) ({White should try} 17. Qb1 $1 h6 18. Bc1) 17... f6 18. Bc1 f5 (18... Kb8 $14) 19. Rb1 $18 {[%emt 0:00:20] Black must now prevent exf5.} Nb8 20. Bg5 {[%emt 0:00:13] Inhibits f4.} Nd7 21. Ne3 Nf6 $2 (21... fxe4 22. Nd5 Nxd5 23. cxd5 Bxd5) 22. Nd5 Nexd5 23. cxd5 (23. exd5 Qd6 $16) 23... Qd6 24. Qc2 (24. Qb5 $142) 24... fxe4 25. Rb2 Rdf8 (25... Bxd5 $2 26. Rfb1 h6 27. Rxb6 hxg5 28. Rxd6 Rxd6 29. Rb5 $18) (25... Kc7 {was necessary.} 26. Rfb1 Nxd5) 26. c4 {[%emt 0:00:01] Bh3+ is the strong threat.} ({Less strong is} 26. Rfb1 Nxd5 27. Qxe4 (27. Bxe4 Qe6 $16) 27... Qd7 $18) 26... Kc7 27. Rfb1 Nd7 28. Qxe4 {[%emt 0:00:01][%cal Og5e7] Threatens to win with Be7!} Rf5 (28... Ba6 $142 29. Bh3 Rf5) 29. Bd2 {[%emt 0:00:01][%cal Od2a5] Strongly threatening Bxa5!} Ba6 30. Bh3 Rgf8 31. Bxf5 (31. f4 $142) 31... gxf5 32. Qh4 Rb8 $2 (32... h6 33. f3 (33. Bxh6 Rh8 $17) 33... f4) 33. Qxh7 Bxc4 {[%emt 0:00:01] [#]} 34. Bxa5 $1 Bd3 (34... Qxd5 $18 35. Rxb6 Rxb6 36. Bxb6+ (36. Qxf5 $2 Bd3 $19) 36... Kc6) (34... Kc8 35. Qxf5) 35. Bxb6+ Rxb6 36. Rxb6 {[%emt 0:00:02] White wants to mate with Rb7+.} Qxd5 37. Rb7+ {[%emt 0:00:02] Weighted Error Value: White=0.39/Black=0.86} 1-0